 Dungeon Crawl Stone Soup version 0.28-a0-706-gf6f64a616a (webtiles) character file.

Game seed: 18334533400618200833

460 KoroneIsBestGirl the Chiller (level 7, -5/46 HPs)
             Began as a Barachi Ice Elementalist on Oct 24, 2021.
             Was a Believer of Zin.
             Slain by an orc warrior (22 damage)
             ... on level 4 of the Dungeon.
             The game lasted 00:06:22 (4661 turns).

KoroneIsBestGirl the Chiller (BaIE)                 Turns: 4661, Time: 00:06:23

Health: -5/46      AC:  2    Str:  9    XL:     7   Next: 7%
Magic:  7/13       EV: 13    Int: 18    God:    Zin [**....]
Gold:   146        SH:  0    Dex: 12    Spells: 9/14 levels left

rFire   x . .      SeeInvis .   d - +0 dagger
rCold   + . .      Faith    .   (no shield)
rNeg    . . .      Spirit   .   a - +0 robe
rPois   .          Reflect  .   (no helmet)
rElec   .          Harm     .   (no cloak)
rCorr   .          Rampage  .   (no gloves)
Will    .....                   (no boots)
Stlth   ++........              (no amulet)
HPRegen 0.15/turn               b - ring of ice
MPRegen 0.13/turn               f - ring of wizardry

@: freezing walls, slow
A: amphibious, slowness 1, strong legs 1, +LOS
a: Hop, Renounce Religion, Recite, Vitalisation, Donate Gold


You were on level 4 of the Dungeon.
You worshipped Zin.
Zin was pleased with you.
You visited 1 branch of the dungeon, and saw 4 of its levels.

You collected 162 gold pieces.
You donated 16 gold pieces to Zin.

Inventory:

Hand Weapons
 d - a +0 dagger (weapon)
Armour
 a - a +0 robe (worn)
Jewellery
 b - a ring of ice (left hand)
 f - a ring of wizardry (right hand)
Wands
 i - a wand of flame (16)
Scrolls
 h - 2 scrolls of identify {unknown}
 j - a scroll of blinking {unknown}
 l - a scroll of teleportation {unknown}
Potions
 c - 3 potions of attraction {unknown}
 e - 2 potions of brilliance {unknown}
 g - a potion of haste {unknown}
 k - a potion of curing {unknown}


   Skills:
 + Level 4.4 Dodging
 - Level 1.7 Stealth
 + Level 4.1 Spellcasting
 + Level 3.4 Conjurations
 + Level 6.5 Ice Magic


You had 9 spell levels left.
You knew the following spells:

 Your Spells              Type           Power      Damage    Failure   Level
a - Freeze                Ice            100%       1d11      1%          1
b - Foxfire               Conj/Fire      36%        2x1d5     2%          1
c - Frozen Ramparts       Ice            80%        1d10      1%          3

Your spell library contained the following spells:

 Spells                   Type           Power      Damage    Failure   Level
 Ozocubu's Armour         Ice            40%        N/A       1%          3
 Hailstorm                Conj/Ice       32%        3d8       8%          4


Dungeon Overview and Level Annotations

Branches:
Dungeon (4/15)
 Temple: D:4-7

Altars:
Hepliaklqana
Okawaru
Trog
Zin


Innate Abilities, Weirdness & Mutations

You are amphibious.
You cover ground slowly.
You can hop short distances.
You have an extended range of vision and can be seen from far away.


Message History

You can't see any susceptible monsters within range! (Use Z to cast anyway.)
You see here an adder corpse. 2 orcs and an orc warrior come into view.
An orc is wielding a +0 club and quivering boomerangs of dispersal.
The orc warrior shouts!
The orc shouts! x2
There are monsters nearby!
There are monsters nearby!
Casting: Freeze (safe; 1% risk of failure)
Confirm with . or Enter, or press ? or * to list all spells.
Casting: Frozen Ramparts (safe; 1% risk of failure)
Press: ? - help, Dir - look around, f - activate You feel a surge of power!
The walls around you are covered in ice.
You feel a surge of power!
You freeze the orc!
You kill the orc!
You can't see any susceptible monsters within range! (Use Z to cast anyway.)
The wall freezes the orc warrior.
The orc warrior hits you with a +0 dire flail!
You feel a surge of power!
You freeze the orc warrior.
The orc warrior is moderately wounded.
The wall freezes the orc warrior.
The orc warrior misses you.
You feel a surge of power!
You freeze the orc warrior.
The orc warrior is moderately wounded.
The wall freezes the orc warrior.
The orc warrior hits you with a +0 dire flail!
The wall freezes the orc!
You kill the orc!
You are too injured to fight recklessly!
You are too injured to fight recklessly!
You are too injured to fight recklessly!
Casting: Freeze (safe; 1% risk of failure)
Confirm with . or Enter, or press ? or * to list all spells.
Aiming: Freeze (safe; 1% risk of failure)
Press: ? - help, Shift-Dir - straight line, f/p - orc warrior
Aim: an orc warrior, wielding a +0 dire flail and wearing a +0 chain mail (heavily wounded)
You feel a surge of power!
You freeze the orc warrior.
The orc warrior is severely wounded.
The wall freezes the orc warrior.
The orc warrior hits you with a +0 dire flail!!
You die...

## ### #.# #.#
#.#..# #.# #.....##
##.##
#....)o###...## #
#.....#@##....## .#
##
#.#...##.#.....##.##
#. .....
#...........###.
...o...
##..............#
...o....
###......### #..
...o..## #.....##
##. ....## ##†..##
##. .... ##..# ##..
#..######..#


You could see an orc warrior.

Vanquished Creatures
  A necrophage (D:4)
  2 scorpions
  A centaur skeleton (D:4)
  8 gnolls
  7 adders
  A worm (D:4)
  2 dart slugs
  7 orcs
  2 endoplasms
  3 giant cockroaches
  8 goblins
  2 hobgoblins (D:2)
  8 jackals
  3 quokkas
  9 ball pythons
  6 bats
  9 frilled lizards
  5 kobolds
  3 rats
87 creatures vanquished.

Vanquished Creatures (others)
  108 foxfires
108 creatures vanquished.

Grand Total: 195 creatures vanquished

Notes
Turn   | Place    | Note
-------+----------+-------------------------------------------
     0 | D:1      | KoroneIsBestGirl the Barachi Ice Elementalist began the
                  | quest for the Orb.
     0 | D:1      | Reached XP level 1. HP: 13/13 MP: 3/3
   192 | D:1      | Reached skill level 5 in Ice Magic
   241 | D:1      | Found a faded altar of an unknown god.
   247 | D:1      | Reached XP level 2. HP: 14/19 MP: 3/5
   327 | D:1      | Prayed at the altar of an unknown god.
   327 | D:1      | Became a worshipper of Zin the Law-Giver
   327 | D:1      | Reached * piety under Zin
   341 | D:1      | Got Plato's Catalogue of Fire
   433 | D:1      | Learned a level 1 spell: Foxfire
  1389 | D:2      | Reached XP level 3. HP: 14/24 MP: 1/7
  1395 | D:2      | Learned a level 3 spell: Frozen Ramparts
  1546 | D:2      | Found a hazy altar of Hepliaklqana.
  1638 | D:2      | Reached skill level 1 in Conjurations
  2328 | D:2      | Reached XP level 4. HP: 30/30 MP: 6/8
  2412 | D:3      | Noticed a scorpion
  2422 | D:2      | Killed a scorpion
  2423 | D:2      | Reached XP level 5. HP: 22/35 MP: 2/9
  3132 | D:3      | Found an iron altar of Okawaru.
  3490 | D:4      | Noticed a necrophage
  3501 | D:4      | Killed a necrophage
  3502 | D:4      | Reached skill level 6 in Ice Magic
  3502 | D:4      | Reached XP level 6. HP: 24/41 MP: 0/11
  3678 | D:4      | Reached ** piety under Zin
  4394 | D:4      | Found a bloodstained altar of Trog.
  4496 | D:4      | Reached XP level 7. HP: 39/46 MP: 6/13
  4661 | D:4      | Slain by an orc warrior

Illustrated notes

Levels and vault maps discovered:
D:1:      sevenhm_arrival_forest_fort_small_4, layout_loops_ring,
          shapermc_ecumenical_altar_rom_forum
D:2:      layout_loops_cross, basic_altar, nrook_campfire
D:3:      layout_rooms, mainiacjoe_overflow_alcove_2, grunt_ministairs_13
D:4:      layout_layer_cave, bloody_trog

Skill      XL: |  1  2  3  4  5  6 |
---------------+-------------------+-----
Ice Magic      | 5 6 |  6.5
Conjurations   | 1 2 3 |  3.4
Dodging        | 3 4 |  4.4
Spellcasting   | 3 4 |  4.1
Stealth        | |  1.7

Action                   |  1- 3 |  4- 6 |  7- 9 || total
-------------------------+-------+-------+-------++-------
Melee: Unarmed           |    15 |       |       ||    15
       Dagger            |     7 |    26 |     1 ||    34
 Cast: Freeze            |    37 |    48 |     8 ||    93
       Foxfire           |    17 |    45 |       ||    62
       Frozen Ramparts   |     1 |     5 |     1 ||     7
Armor: Robe              |    14 |    14 |       ||    28
Dodge: Dodged            |    39 |    76 |     7 ||   122

Table legend: (Time is in decaauts)
 A = Elapsed time spent in this place.
 B = Non-inter-level travel time spent in this place.
 C = Inter-level travel time spent in this place.
 D = Time resting spent in this place.
 E = Time spent auto-exploring this place.
 F = Levels seen in this place.
 G = Mean time per level.
                   A        B        C        D        E       F      G
               +--------+--------+--------+--------+--------+-----+--------+
         Total |   5073 |   4961 |    112 |      0 |   4343 |   4 | 1268.2 |
       Dungeon |   5073 |   4961 |    112 |      0 |   4343 |   4 | 1268.2 |
               +--------+--------+--------+--------+--------+-----+--------+

Top non-repeatable levels by time:
     D:1: 1483 daAuts
     D:4: 1335 daAuts
     D:2: 1178 daAuts
     D:3: 1076 daAuts
